 Dungeon Crawl Stone Soup version 0.23.0 (webtiles) character file.

Game seed: 5255466459068265925

14970 theswoord the Basher (level 12, -7/174 HPs)
             Began as a Naga Berserker on Feb 12, 2019.
             Was a High Priest of Trog.
             Mangled by a spiny frog (16 damage)
             ... on level 3 of the Lair of Beasts.
             The game lasted 00:35:45 (14232 turns).

theswoord the Basher (Naga Berserker)              Turns: 14232, Time: 00:35:46

Health: -7/174     AC: 13    Str: 31    XL:     12   Next: 22%
Magic:  12/12      EV: 10    Int:  8    God:    Trog [*****.]
Gold:   813        SH:  0    Dex: 14    Spells: 11/11 levels left

rFire    + . .     SeeInvis +   j - +0 whip (slash)
rCold    . . .     Gourm    .   (no shield)
rNeg     . . .     Faith    +   z - +0 plate armour
rPois    +         Spirit   .   J - +0 hat {SInv}
rElec    .         Reflect  .   (no cloak)
rCorr    .         Harm     .   x - +0 pair of gloves
MR       +....                  (no barding)
Stlth    ..........             s - amulet of faith
HPRegen  0.39/turn              f - +5 ring of strength
MPRegen  0.13/turn              t - ring of protection from fire

@: berserking (expiring), lethally poisoned (-7 -> -25), starving, quick
A: large, see invisible, deformed body, poison resistance, slowness 2, slow
metabolism 1, spit poison 1, AC +4
a: Spit Poison, Berserk, Trog's Hand, Brothers in Arms, Renounce Religion


You were on level 3 of the Lair of Beasts.
You worshipped Trog.
Trog was extremely pleased with you.
You were starving.

You visited 2 branches of the dungeon, and saw 14 of its levels.

You collected 813 gold pieces.

Inventory:

Hand Weapons
 a - a +1 mace
 j - a +0 whip of slashing (weapon)
 w - a +1 whip of flaming
Armour
 x - a +0 pair of gloves (worn)
 z - a +0 plate armour (worn)
 J - a +0 hat of see invisible (worn)
Jewellery
 f - a +5 ring of strength (left hand)
 k - an uncursed ring of poison resistance {unknown}
 s - an amulet of faith (around neck)
 t - a ring of protection from fire (right hand)
 y - a +2 ring of dexterity
 B - an uncursed amulet of regeneration {unknown}
Scrolls
 e - 3 scrolls of teleportation
 g - 7 scrolls of fog
 m - 2 scrolls of immolation
 q - 3 scrolls of magic mapping
 r - 3 scrolls of blinking
 u - 8 scrolls of remove curse
 E - a scroll of enchant weapon
 G - 4 scrolls of identify
 I - a scroll of enchant armour
Potions
 b - a potion of ambrosia {unknown}
 d - 3 potions of flight
 i - 5 potions of curing
 l - 2 potions of agility
 v - 2 potions of cancellation
 A - 2 potions of brilliance
 D - a potion of resistance
 F - 2 potions of haste
 H - a potion of magic
Comestibles
 c - 25 rations


   Skills:
 + Level 9.6 Fighting
 - Level 12.0 Maces & Flails
 + Level 7.8 Armour
 + Level 7.8 Dodging


You had 11 spell levels left.
You didn't know any spells.
Your spell library was empty.

Dungeon Overview and Level Annotations

Branches:
Dungeon (10/15)            Temple (0/1) D:4            Lair (4/6) D:10
  Snake (0/4) Lair:4          Orc (0/2) D:10
  Swamp: Lair:2-4    Shoals: Lair:2-4

Altars:
Ashenzari
Fedhas
Makhleb
Qazlal
Trog
Uskayaw
Wu Jian
Zin
Beogh


Innate Abilities, Weirdness & Mutations

You cannot wear boots.
Your serpentine skin is tough. (AC +4)
You have supernaturally acute eyesight. (SInv)
Armour fits poorly on your strangely shaped body.
Your system is resistant to poisons. (rPois)
You cover ground very slowly.
You have a slow metabolism.
You can spit poison.


Message History

You kill the black mamba!
Trog accepts your kill.
You feel sick. The spiny frog stings you!
* * * LOW HITPOINT WARNING * * *
You are more poisoned.
The spiny frog poisons you!
You hit the spiny frog.
You hit the spiny frog but do no damage.
You feel sick. The spiny frog stings you!
* * * LOW HITPOINT WARNING * * *
You whack the spiny frog!
* * * LOW HITPOINT WARNING * * *
You feel sick.
Unknown command.
You are too berserk!
Okay, then.
You hit the spiny frog.
* * * LOW HITPOINT WARNING * * *
You feel sick. The spiny frog stings you!
You die...

. .# ## .##
######.##...# ###
#####..#........#
###.###..#......F.#...#
##.|..........#.@†.....#
#......##..#.P##......P#
...#...##....###......##
[..#>..P##+#.####.###...
.......##......# ## ..
.......#.#.....# .
..#.#........#.##
.......#...8.#..#
......##.....#.#.....#


You could see a spiny frog.

Vanquished Creatures
  Gastronok (Lair:2)
  Erica (D:9)
  Nergalle (Lair:2)
  A fire crab (D:8)
  Pikel (D:7)
  A black mamba (Lair:3)
  A rime drake (Lair:4)
  A spiny frog (Lair:2)
  A komodo dragon (Lair:2)
  An efreet (D:10)
  7 dream sheep (Lair:2)
  A spriggan (D:8)
  3 wyverns
  3 yaks (Lair:4)
  A hungry ghost (D:7)
  3 nagas (Lair:4)
  3 wargs (D:10)
  Duvessa (D:4)
  7 water moccasins
  A slave (D:7)
  An ice beast (D:7)
  3 black bears
  5 orc warriors
  A sky beast (D:5)
  5 ogres
  4 phantoms
  A boggart (D:10)
  10 wolves
  8 centaurs
  3 crocodiles
  9 bullfrogs
  Dowan (D:4)
  A scorpion (D:7)
  5 killer bees (D:7)
  2 howler monkeys
  2 crimson imps
  A quasit (D:6)
  4 hounds (D:8)
  5 orc priests (D:10)
  2 centaur skeletons
  A bullfrog skeleton (D:6)
  An iguana (D:7)
  6 worker ants
  Natasha (twice) (D:2)
  16 orc wizards
  2 hound skeletons (D:4)
  A worker ant zombie (D:8)
  9 gnolls
  9 adders
  3 shadow imps
  An ooze (D:5)
  An adder zombie (D:8)
  A worm (D:4)
  2 dart slugs (D:1)
  8 leopard geckos
  39 orcs
  2 ball pythons
  4 giant cockroaches
  6 hobgoblins
  8 jackals
  2 quokkas
  4 bats
  2 frilled lizards (D:1)
  5 goblins
  6 kobolds
  2 quokka skeletons
  A quokka zombie (D:5)
  4 rats
261 creatures vanquished.

Vanquished Creatures (collateral kills)
  An ogre (D:10)
  A hound skeleton (D:10)
2 creatures vanquished.

Vanquished Creatures (others)
  A bullfrog skeleton (D:7)
  2 orcs (D:7)
  6 fungi
  2 plants (Lair:2)
11 creatures vanquished.

Grand Total: 274 creatures vanquished

Notes
Turn   | Place    | Note
-------+----------+-------------------------------------------
     0 | D:1      | theswoord the Naga Berserker began the quest for the Orb.
     0 | D:1      | Reached XP level 1. HP: 21/21 MP: 1/1
    82 | D:1      | Reached XP level 2. HP: 10/28 MP: 2/2
   472 | D:1      | Found a shattered altar of Ashenzari.
   845 | D:1      | Reached skill level 4 in Maces & Flails
  1125 | D:2      | Found a faded altar of an unknown god.
  1157 | D:2      | Reached XP level 3. HP: 34/34 MP: 3/3
  1398 | D:2      | Noticed Natasha
  1405 | D:2      | Killed Natasha
  1405 | D:2      | Reached ** piety under Trog
  1606 | D:2      | Found a bloodstained altar of Trog.
  1626 | D:2      | Reached XP level 4. HP: 38/42 MP: 4/4
  1790 | D:2      | Noticed Natasha
  1795 | D:2      | Killed Natasha
  1795 | D:2      | Reached skill level 5 in Maces & Flails
  1956 | D:3      | Reached XP level 5. HP: 43/49 MP: 5/5
  1978 | D:3      | Reached skill level 6 in Maces & Flails
  2302 | D:3      | Reached XP level 6. HP: 11/56 MP: 6/6
  2573 | D:3      | Found a hide-covered altar of Uskayaw.
  3091 | D:4      | Noticed Duvessa
  3115 | D:4      | Killed Duvessa
  3115 | D:4      | Reached skill level 7 in Maces & Flails
  3270 | D:4      | Noticed Dowan
  3304 | D:4      | Killed Dowan
  3572 | D:4      | Reached *** piety under Trog
  3572 | D:4      | Reached XP level 7. HP: 53/62 MP: 7/7
  3598 | D:4      | Reached skill level 8 in Maces & Flails
  4009 | D:4      | Found a staircase to the Ecumenical Temple.
  4517 | D:5      | Entered Level 5 of the Dungeon
  4573 | D:5      | Reached skill level 9 in Maces & Flails
  4887 | D:5      | Found a burning altar of Makhleb.
  4891 | D:5      | Found a blossoming altar of Fedhas.
  4955 | D:5      | Reached XP level 8. HP: 33/69 MP: 8/8
  5337 | D:5      | Reached **** piety under Trog
  5337 | D:5      | Reached skill level 10 in Maces & Flails
  6003 | D:6      | Reached skill level 11 in Maces & Flails
  6234 | D:6      | Found an ornate altar of the Wu Jian Council.
  6600 | D:6      | Reached XP level 9. HP: 67/75 MP: 9/9
  6899 | D:7      | Reached skill level 12 in Maces & Flails
  7823 | D:7      | Noticed Pikel
  7860 | D:7      | Killed Pikel
  8421 | D:8      | Reached skill level 5 in Fighting
  8421 | D:8      | Reached XP level 10. HP: 58/88 MP: 10/10
  8811 | D:8      | Reached ***** piety under Trog
  8923 | D:8      | Noticed a fire crab
  8948 | D:8      | Killed a fire crab
  9054 | D:8      | Identified the Almanac of the Frostbite and Necromancy
  9640 | D:9      | Noticed Erica
  9669 | D:9      | Killed Erica
  9669 | D:9      | Reached skill level 5 in Armour
  9669 | D:9      | Reached skill level 5 in Dodging
 10617 | D:9      | Found a stormy altar of Qazlal.
 10617 | D:9      | Found a glowing silver altar of Zin.
 10652 | D:10     | Entered Level 10 of the Dungeon
 10872 | D:10     | Reached XP level 11. HP: 67/100 MP: 11/11
 11194 | D:10     | Found a staircase to the Lair.
 11532 | D:10     | Found a staircase to the Orcish Mines.
 11550 | D:10     | Found a roughly hewn altar of Beogh.
 11668 | Lair:1   | Entered Level 1 of the Lair of Beasts
 12628 | Lair:2   | Noticed Gastronok
 12656 | Lair:2   | Killed Gastronok
 12733 | Lair:2   | Noticed Nergalle
 12746 | Lair:2   | Killed Nergalle
 13383 | Lair:2   | You fall through a shaft for 2 floors!
 13434 | Lair:4   | Reached XP level 12. HP: 114/114 MP: 12/12
 13759 | Lair:4   | Found a staircase to the Snake Pit.
 14232 | Lair:3   | Mangled by a spiny frog

Skill      XL: |  1  2  3  4  5  6  7  8  9 10 11 |
---------------+----------------------------------+-----
Maces & Flails | 4 5 6 7 9 11 12 | 12.0
Armour         | 3 5 7 |  7.8
Dodging        | 3 5 7 |  7.8
Fighting       | 5 7 9 |  9.6

Action                   |  1- 3 |  4- 6 |  7- 9 | 10-12 || total
-------------------------+-------+-------+-------+-------++-------
Melee: Mace              |    64 |    33 |       |       ||    97
       Whip              |       |   112 |   495 |   768 ||  1375
Invok: Berserk           |     1 |     3 |     7 |    18 ||    29
       Trog's Hand       |       |     1 |       |     3 ||     4
       Brothers in Arms  |       |       |       |     1 ||     1
 Abil: Spit Poison       |     6 |    16 |    27 |    28 ||    77
Evoke: Wand              |       |     1 |    10 |       ||    11
  Use: Scroll            |     2 |     9 |     6 |     7 ||    24
       Potion            |       |     1 |       |     9 ||    10
 Stab: Sleeping          |     1 |       |       |       ||     1
  Eat: Chunk             |     1 |     7 |    12 |    24 ||    44
       Ration            |       |     1 |     3 |     3 ||     7
Armor: Animal skin       |     9 |     4 |       |       ||    13
       Scale mail        |       |    34 |    73 |       ||   107
       Chain mail        |       |       |    93 |    44 ||   137
       Plate armour      |       |       |       |   203 ||   203
Dodge: Dodged            |    48 |    62 |   134 |   225 ||   469

Levels and vault maps discovered:
D:1:      dpeg_arrival_arbitrary_a, layout_basic, minmay_misc_feat_rows,
          nicolae_ashenzari_panopticon
D:2:      layout_basic, chequers_ecumenical_altar_island, trog_hazing_becter,
          uniq_natasha
D:3:      layout_rooms, lemuel_crystal_altar, kennysheep_generic_room_3
D:4:      layout_rooms, minmay_temple_entry_large_hall, first_ration,
          grunt_ministairs_5, uniq_duvessa
D:5:      layout_rooms, chequers_temple_overflow_statue_of_worship
D:6:      minmay_spotlight, layout_layer_cave, old_standard_altar
D:7:      layout_loops_ring, uniq_pikel
D:8:      layout_loops_corners, the_bakery, minmay_the_grid_2x2
          [minmay_the_grid_eight, minmay_the_grid_tree,
          minmay_the_grid_zigzag_pyramid, minmay_the_grid_prize_shrinking_boxes]
D:9:      layout_irregular_city, gammafunk_temple_overflow_wave, minivault_27,
          uniq_erica
D:10:     minmay_bloctagon_deflated, layout_gridville,
          erik_lair_orcish_takeover, minmay_orc_entry_temple_small
Lair:1:   layout_hall_layers
Lair:2:   layout_roguey, serial_bayou_shore_b, serial_bayou_shore_a,
          uniq_nergalle, uniq_sonja, uniq_gastronok
Lair:3:   layout_misc_corridors, elwin_shoals_entry_rooms, lemuel_fruit_tree,
          grunt_megastairs_1, infiniplex_staircase_pool
Lair:4:   layout_loops_ring, minmay_snake_entry_guardpost_small,
          grunt_megastairs_5, lemuel_fruit_fields
